SNL (28 & UNDER)
KEY WEST BARRACUDAS @ SANTA FE DIABLOS
05/03/2027
 
TOP OF THE 1ST
Key West Barracudas batting - Pitching for Santa Fe Diablos : RHP Wayne Walker
Pitching: RHP Wayne Walker
Batting: SHB Rodney Birling 0-0: Ball
1-0: SINGLE (Line Drive, 56D)
Batting: RHB Chris Adams 0-0: Called Strike
0-1: Foul Ball, location: 2F
0-2: Foul Ball, location: 2F
0-2: Strikes out looking
Batting: RHB Edward Holloway 0-0: Ball
1-0: Foul Ball, location: 2F
1-1: Ball
2-1: Fly out, F8 (Flyball, 8RD)
Batting: RHB Anastasio Villa 0-0: 2-RUN HOME RUN (Line Drive, 7D), Distance : 347 ft
Batting: SHB Jacob Knapp 0-0: SINGLE (Line Drive, 4M)
Batting: RHB Dan Craft 0-0: Called Strike
0-1: Ball
1-1: Ball
2-1: Foul Ball, location: 2F
2-2: Ball
3-2: Ground out 6-3 (Groundball, 6)
Top of the 1st over - 2 run(s), 3 hit(s), 0 error(s), 1 left on base; Key West 2 - Santa Fe 0
BOTTOM OF THE 1ST
Santa Fe Diablos batting - Pitching for Key West Barracudas : RHP Chris Jones
Pitching: RHP Chris Jones
Batting: LHB David Hernández 0-0: Ball
1-0: Foul Ball, location: 2F
1-1: Swinging Strike
1-2: Ball
2-2: Ball
3-2: Base on Balls
Batting: SHB George Adams 0-0: Ball
1-0: Foul Ball, location: 2F
1-1: Ball
2-1: Swinging Strike
2-2: Foul Ball, location: 2F
2-2: Foul Ball, location: 2F
2-2: Foul Ball, location: 2F
2-2: Strikes out swinging
Batting: LHB Roberto Lozano 0-0: Ball
1-0: Foul Ball, location: 2F
1-1: Ball
2-1: Fielders Choice at 2nd, 6-4 (Groundball, 6)
Batting: RHB Lee Price 0-0: Called Strike
0-1: SINGLE (Line Drive, 56)
Roberto Lozano to second
Runner from 2nd tries for 3rd, SAFE, no throw
Batting: SHB Tex White 0-0: Called Strike
0-1: Ball
1-1: Ball
2-1: Called Strike
2-2: Fielders Choice at 2nd, U6 (Groundball, 6M)
Bottom of the 1st over - 0 run(s), 1 hit(s), 0 error(s), 2 left on base; Key West 2 - Santa Fe 0
TOP OF THE 2ND
Key West Barracudas batting - Pitching for Santa Fe Diablos : RHP Wayne Walker
Batting: SHB Eric Pimentel 0-0: Swinging Strike
0-1: SINGLE (Line Drive, 6MD)
Batting: RHB Joe Bailey 0-0: Swinging Strike
0-1: SINGLE (Groundball, 56D)
Eric Pimentel to second
Batting: LHB Motoki Hirata 0-0: Ball
1-0: Ball
2-0: Fielders Choice at 2nd, 4-6 (Groundball, 4M)
Eric Pimentel to third
Batting: SHB Rodney Birling 0-0: Ball
1-0: Grounds into double play, 6-4-3 (Groundball, 56)
Top of the 2nd over - 0 run(s), 2 hit(s), 0 error(s), 1 left on base; Key West 2 - Santa Fe 0
BOTTOM OF THE 2ND
Santa Fe Diablos batting - Pitching for Key West Barracudas : RHP Chris Jones
Batting: LHB Gary Kern 0-0: SINGLE (Groundball, 5D)
Batting: RHB Tim Adkins 0-0: Ball
1-0: Called Strike
1-1: Ball
2-1: Called Strike
2-2: Ball
3-2: Fielders Choice at 2nd, 3-6 (Groundball, 34)
Batting: SHB Scott Compton 0-0: Called Strike
0-1: Ball
1-1: Ball
2-1: Ball
3-1: Base on Balls
Tim Adkins to second
Batting: RHB Collin Smith 0-0: Ball
Tim Adkins steals 3rd base
Scott Compton to second
1-0: SINGLE (Groundball, 56D)
Tim Adkins scores
Scott Compton to third
Batting: LHB David Hernández 0-0: Ball
Collin Smith is caught stealing 2nd base
1-0: SINGLE (Groundball, 5) (infield hit)
Scott Compton scores
Batting: SHB George Adams 0-0: Ball
1-0: SINGLE (Groundball, 56S) (infield hit)
David Hernández to second
Batting: LHB Roberto Lozano 0-0: Ball
1-0: Foul Ball, location: 2F
1-1: Ball
2-1: Ball
3-1: Called Strike
3-2: Base on Balls
David Hernández to third
George Adams to second
Batting: RHB Lee Price 0-0: Ball
1-0: Ball
2-0: Called Strike
2-1: SINGLE (Groundball, 6D)
David Hernández scores
George Adams to third
Roberto Lozano to second
Runner from 3rd tries for Home, SAFE, no throw
Batting: SHB Tex White 0-0: Swinging Strike
0-1: Fielders Choice at 2nd, 5-4 (Groundball, 5)
Bottom of the 2nd over - 4 run(s), 5 hit(s), 0 error(s), 1 left on base; Key West 2 - Santa Fe 4
TOP OF THE 3RD
Key West Barracudas batting - Pitching for Santa Fe Diablos : RHP Wayne Walker
Batting: RHB Chris Adams 0-0: Ball
1-0: Swinging Strike
1-1: Ball
2-1: SOLO HOME RUN (Flyball, 78XD), Distance : 418 ft
Batting: RHB Edward Holloway 0-0: Ball
1-0: Foul Ball, location: 2F
1-1: Swinging Strike
1-2: Ball
2-2: Ball
3-2: Base on Balls
Batting: RHB Anastasio Villa 0-0: Called Strike
0-1: Ball
1-1: Foul Ball, location: 2F
1-2: Foul Ball, location: 2F
1-2: SINGLE (Groundball, 56D)
Edward Holloway to second
Batting: SHB Jacob Knapp 0-0: Called Strike
0-1: Ball
Passed Ball!
Edward Holloway to third
Anastasio Villa to second
1-1: Foul Ball, location: 2F
1-2: Ball
2-2: Strikes out looking
Batting: RHB Dan Craft 0-0: Swinging Strike
0-1: Ground out 6-3 (Groundball, 56)
Edward Holloway scores
Batting: SHB Eric Pimentel 0-0: Foul Ball, location: 2F
0-1: DOUBLE (Flyball, 89XD)
Anastasio Villa scores
Batting: RHB Joe Bailey 0-0: Ball
1-0: Called Strike
1-1: Fly out, F9 (Flyball, 89XD)
Top of the 3rd over - 3 run(s), 3 hit(s), 0 error(s), 1 left on base; Key West 5 - Santa Fe 4
BOTTOM OF THE 3RD
Santa Fe Diablos batting - Pitching for Key West Barracudas : RHP Chris Jones
Batting: LHB Gary Kern 0-0: Called Strike
0-1: Ball
1-1: DOUBLE (Line Drive, 7LS)
Batting: RHB Tim Adkins 0-0: Called Strike
0-1: Foul Ball, location: 2F
0-2: Strikes out looking
Batting: SHB Scott Compton 0-0: Ball
1-0: Ground out U3 (Groundball, 23)
Gary Kern to third
Batting: RHB Collin Smith 0-0: Ball
1-0: Ground out 5-3 (Groundball, 56)
Bottom of the 3rd over - 0 run(s), 1 hit(s), 0 error(s), 1 left on base; Key West 5 - Santa Fe 4
TOP OF THE 4TH
Key West Barracudas batting - Pitching for Santa Fe Diablos : RHP Wayne Walker
Batting: LHB Motoki Hirata 0-0: DOUBLE (Flyball, 8RXD)
Batting: SHB Rodney Birling 0-0: Called Strike
0-1: Called Strike
0-2: Ball
1-2: Foul Ball, location: 2F
1-2: DOUBLE (Line Drive, 7LM)
Motoki Hirata scores
Batting: RHB Chris Adams 0-0: Foul Ball, location: 2F
0-1: Ball
1-1: Ball
2-1: Ball
3-1: Called Strike
3-2: Foul Ball, location: 2F
3-2: SINGLE (Groundball, 34D)
Rodney Birling to third
Batting: RHB Edward Holloway 0-0: Called Strike
0-1: Ball
1-1: Foul Ball, location: 2F
1-2: Foul Ball, location: 2F
1-2: Foul Ball, location: 2F
1-2: Ball
2-2: Ball
3-2: DOUBLE (Line Drive, 89XD)
Rodney Birling scores
Chris Adams to third
Pitching: RHP Stanley Russell
Batting: RHB Anastasio Villa 0-0: Ball
1-0: Foul Ball, location: 2F
1-1: Ball
2-1: Fly out, F7 (Flyball, 7S)
Batting: SHB Jacob Knapp 0-0: Ball
1-0: Called Strike
1-1: Swinging Strike
1-2: Ball
2-2: Fly out, F7 (Flyball, 78XD)
Runner from 3rd tags up, SCORES, no throw
Edward Holloway to third
Batting: RHB Dan Craft 0-0: Called Strike
0-1: Ball
1-1: Called Strike
1-2: Ground out 6-3 (Groundball, 6)
Top of the 4th over - 3 run(s), 4 hit(s), 0 error(s), 1 left on base; Key West 8 - Santa Fe 4
BOTTOM OF THE 4TH
Santa Fe Diablos batting - Pitching for Key West Barracudas : RHP Chris Jones
Batting: LHB David Hernández 0-0: Ball
1-0: Ground out 4-3 (Groundball, 4)
Batting: SHB George Adams 0-0: Ball
1-0: Swinging Strike
1-1: Ball
2-1: Foul Ball, location: 2F
2-2: Foul Ball, location: 2F
2-2: Ball
3-2: Strikes out looking
Batting: LHB Roberto Lozano 0-0: Ball
1-0: Ball
2-0: SINGLE (Groundball, 34D)
Batting: RHB Lee Price 0-0: Ball
1-0: Foul Ball, location: 2F
1-1: Ball
2-1: SINGLE (Groundball, 56D)
Roberto Lozano to second
Runner from 2nd tries for 3rd, SAFE, no throw
Pitching: RHP Gerald Núñez
Batting: SHB Tex White 0-0: Ball
1-0: SINGLE (Line Drive, 6D)
Roberto Lozano scores
Lee Price to second
Batting: LHB Gary Kern 0-0: Called Strike
0-1: Foul Ball, location: 2F
0-2: Foul Ball, location: 2F
0-2: Ball
1-2: Ground out 1-3 (Groundball, 13S)
Bottom of the 4th over - 1 run(s), 3 hit(s), 0 error(s), 2 left on base; Key West 8 - Santa Fe 5
TOP OF THE 5TH
Key West Barracudas batting - Pitching for Santa Fe Diablos : RHP Stanley Russell
Batting: SHB Eric Pimentel 0-0: Swinging Strike
0-1: Foul Ball, location: 2F
0-2: Ball
1-2: Ball
2-2: Ball
3-2: Base on Balls
Batting: RHB Joe Bailey 0-0: Ball
1-0: Ball
2-0: Ball
3-0: Base on Balls
Eric Pimentel to second
Batting: LHB Motoki Hirata 0-0: Ball
1-0: Called Strike
1-1: Ball
2-1: SINGLE (Groundball, 4MD)
Eric Pimentel to third
Joe Bailey to second
Runner from 3rd tries for Home, throw and OUT!
Joe Bailey to third
Motoki Hirata to second
Batting: SHB Rodney Birling 0-0: Ball
1-0: SINGLE (Line Drive, 8LS)
Joe Bailey scores
Motoki Hirata to third
Runner from 3rd tries for Home, SAFE, throw made home
Rodney Birling to second
Batting: RHB Chris Adams 0-0: Swinging Strike
0-1: Called Strike
0-2: Fly out, F7 (Flyball, 7S)
Batting: RHB Edward Holloway 0-0: Ball
1-0: Ball
2-0: Ball
3-0: Called Strike
3-1: Base on Balls
Batting: RHB Anastasio Villa 0-0: Ball
1-0: SINGLE (Groundball, 6MD)
Rodney Birling to third
Edward Holloway to second
Runner from 3rd tries for Home, SAFE, no throw
Batting: SHB Jacob Knapp 0-0: Called Strike
0-1: Ball
1-1: Swinging Strike
1-2: Ball
2-2: Ground out U3 (Groundball, 3S)
Top of the 5th over - 3 run(s), 3 hit(s), 0 error(s), 2 left on base; Key West 11 - Santa Fe 5
BOTTOM OF THE 5TH
Santa Fe Diablos batting - Pitching for Key West Barracudas : RHP Gerald Núñez
Batting: RHB Tim Adkins 0-0: Ball
1-0: Ball
2-0: Ball
3-0: Base on Balls
Batting: SHB Scott Compton 0-0: Fly out, F1 (Line Drive, 13S)
Batting: RHB Collin Smith 0-0: Ball
1-0: Ball
Wild Pitch!
Tim Adkins to second
2-0: DOUBLE (Groundball, 5L)
Tim Adkins scores
Batting: LHB David Hernández 0-0: Ground out 4-3 (Groundball, 4)
Collin Smith to third
Batting: SHB George Adams 0-0: Ball
1-0: Called Strike
1-1: Foul Ball, location: 2F
1-2: Fly out, F9 (Flyball, 89S)
Bottom of the 5th over - 1 run(s), 1 hit(s), 0 error(s), 1 left on base; Key West 11 - Santa Fe 6
TOP OF THE 6TH
Key West Barracudas batting - Pitching for Santa Fe Diablos : RHP Stanley Russell
Pitching: LHP Albert Alonzo
Batting: RHB Dan Craft 0-0: SINGLE (Line Drive, 8LS)
Batting: SHB Eric Pimentel 0-0: Ball
1-0: Called Strike
1-1: Foul Ball, location: 2F
1-2: Strikes out looking
Batting: RHB Joe Bailey 0-0: Ball
1-0: Swinging Strike
1-1: Called Strike
1-2: Foul Ball, location: 2F
1-2: Strikes out swinging
Batting: LHB Motoki Hirata 0-0: Called Strike
0-1: Ball
1-1: Ball
2-1: SINGLE (Groundball, 4MD)
Dan Craft to second
Runner from 2nd tries for 3rd, SAFE, throw made to third
Batting: SHB Rodney Birling 0-0: Called Strike
0-1: Foul Ball, location: 2F
0-2: Strikes out swinging
Top of the 6th over - 0 run(s), 2 hit(s), 0 error(s), 2 left on base; Key West 11 - Santa Fe 6
BOTTOM OF THE 6TH
Santa Fe Diablos batting - Pitching for Key West Barracudas : RHP Gerald Núñez
Batting: LHB Roberto Lozano 0-0: Foul Ball, location: 2F
0-1: Ball
1-1: Ball
2-1: Fly out, F2 (Popup, 5S)
Batting: RHB Lee Price 0-0: Foul Ball, location: 2F
0-1: Foul Ball, location: 2F
0-2: Strikes out swinging
Batting: SHB Tex White 0-0: Ball
1-0: Foul Ball, location: 2F
1-1: Ball
2-1: Foul Ball, location: 2F
2-2: Foul Ball, location: 2F
2-2: Foul Ball, location: 2F
2-2: Fly out, F8 (Flyball, 8LD)
Bottom of the 6th over - 0 run(s), 0 hit(s), 0 error(s), 0 left on base; Key West 11 - Santa Fe 6
TOP OF THE 7TH
Key West Barracudas batting - Pitching for Santa Fe Diablos : LHP Albert Alonzo
Batting: RHB Chris Adams 0-0: Foul Ball, location: 2F
0-1: Ball
1-1: Called Strike
1-2: Strikes out swinging
Batting: RHB Edward Holloway 0-0: Ball
1-0: Ball
2-0: Ball
3-0: Base on Balls
Batting: RHB Anastasio Villa 0-0: Foul Ball, location: 2F
0-1: Foul Ball, location: 2F
0-2: Ball
1-2: SINGLE (Line Drive, 7S)
Edward Holloway to second
Batting: SHB Jacob Knapp 0-0: Called Strike
0-1: Called Strike
0-2: Strikes out swinging
Batting: RHB Dan Craft 0-0: Ball
1-0: Called Strike
1-1: Ball
2-1: Ball
3-1: Foul Ball, location: 2F
3-2: Foul Ball, location: 2F
3-2: Base on Balls
Edward Holloway to third
Anastasio Villa to second
Batting: SHB Eric Pimentel 0-0: Ball
1-0: GRAND SLAM HOME RUN (Flyball, 78XD), Distance : 418 ft
Pitching: RHP Tony King
Batting: RHB Joe Bailey 0-0: Swinging Strike
0-1: Foul Ball, location: 2F
0-2: Ball
1-2: Strikes out swinging
Top of the 7th over - 4 run(s), 2 hit(s), 0 error(s), 0 left on base; Key West 15 - Santa Fe 6
BOTTOM OF THE 7TH
Santa Fe Diablos batting - Pitching for Key West Barracudas : RHP Gerald Núñez
Batting: LHB Gary Kern 0-0: Foul Ball, location: 2F
0-1: Ball
1-1: Ball
2-1: Called Strike
2-2: SINGLE (Groundball, 4MD)
Batting: RHB Tim Adkins 0-0: Fly out, F9 (Flyball, 89M)
Batting: SHB Scott Compton 0-0: Called Strike
0-1: Grounds into double play, 6-4-3 (Groundball, 6)
Bottom of the 7th over - 0 run(s), 1 hit(s), 0 error(s), 0 left on base; Key West 15 - Santa Fe 6
TOP OF THE 8TH
Key West Barracudas batting - Pitching for Santa Fe Diablos : RHP Tony King
Batting: LHB Motoki Hirata 0-0: Swinging Strike
0-1: Ball
1-1: Foul Ball, location: 2F
1-2: Strikes out swinging
Batting: SHB Rodney Birling 0-0: SINGLE (Line Drive, 9S)
Batting: RHB Chris Adams 0-0: Called Strike
0-1: Ball
1-1: Ball
Wild Pitch!
Rodney Birling to second
2-1: Ball
3-1: Foul Ball, location: 2F
3-2: Foul Ball, location: 2F
3-2: Base on Balls
Pinch Hitting: RHB Gary Duffy 0-0: Called Strike
0-1: Ball
1-1: SINGLE (Groundball, 4MD)
Rodney Birling to third
Chris Adams to second
Runner from 3rd tries for Home, SAFE, throw made home
Chris Adams to third
Gary Duffy to second
Batting: RHB Anastasio Villa 0-0: Called Strike
0-1: Ball
1-1: Foul Ball, location: 2F
1-2: Ball
2-2: Ball
3-2: 3-RUN HOME RUN (Flyball, 89XD), Distance : 386 ft
Pitching: LHP Daniel Draper
Batting: SHB Jacob Knapp 0-0: Called Strike
0-1: Ball
1-1: Ball
2-1: Ball
3-1: Base on Balls
Batting: RHB Dan Craft 0-0: Ball
1-0: Ball
2-0: Ball
3-0: Foul Ball, location: 2F
3-1: Base on Balls
Jacob Knapp to second
Pinch Hitting: RHB Steve Gómez 0-0: Called Strike
0-1: Fly out, F4 (Popup, 4)
Batting: RHB Joe Bailey 0-0: Called Strike
0-1: Fly out, F6 (Flyball, 6MD)
Top of the 8th over - 4 run(s), 3 hit(s), 0 error(s), 2 left on base; Key West 19 - Santa Fe 6
BOTTOM OF THE 8TH
Santa Fe Diablos batting - Pitching for Key West Barracudas : RHP Gerald Núñez
Pitching: RHP Sean Harden
Now at 1B: Richard Sanders
Now in CF: Gary Duffy
Batting: RHB Collin Smith 0-0: Called Strike
0-1: Ground out 5-3 (Groundball, 5L)
Batting: LHB David Hernández 0-0: Ball
1-0: SINGLE (Line Drive, 6MD)
Batting: SHB George Adams 0-0: Ball
1-0: 2-RUN HOME RUN (Line Drive, 89XD), Distance : 404 ft
Batting: LHB Roberto Lozano 0-0: Ball
1-0: Ball
2-0: SINGLE (Flyball, 78S)
Batting: RHB Lee Price 0-0: Ball
1-0: Swinging Strike
1-1: Ball
2-1: Foul Ball, location: 2F
2-2: Ball
3-2: Foul Ball, location: 2F
3-2: SINGLE (Groundball, 56) (infield hit)
Roberto Lozano to second
Batting: SHB Tex White 0-0: SINGLE (Groundball, 3D)
Roberto Lozano to third
Lee Price to second
Runner from 3rd tries for Home, SAFE, no throw
Pitching: RHP Ed Calhoun
Batting: LHB Gary Kern 0-0: Ball
1-0: Ball
2-0: Foul Ball, location: 2F
2-1: Foul Ball, location: 2F
2-2: SINGLE (Line Drive, 8RS)
Lee Price to third
Tex White to second
Batting: RHB Tim Adkins 0-0: Ball
1-0: Ball
Wild Pitch!
Lee Price scores
Tex White to third
Gary Kern to second
2-0: Ball
3-0: Base on Balls
Batting: SHB Scott Compton 0-0: Called Strike
0-1: Ball
1-1: SINGLE (Groundball, 34D)
Tex White scores
Gary Kern to third
Tim Adkins to second
Runner from 3rd tries for Home, SAFE, no throw
Batting: RHB Collin Smith 0-0: Called Strike
0-1: Ball
1-1: Ball
2-1: Called Strike
2-2: DOUBLE (Groundball, 5L)
Tim Adkins scores
Scott Compton to third
Batting: LHB David Hernández 0-0: Ball
1-0: Ball
2-0: Ball
3-0: Called Strike
3-1: Base on Balls
Batting: SHB George Adams 0-0: Grounds into double play, 4-6-3 (Groundball, 4)
Bottom of the 8th over - 7 run(s), 8 hit(s), 0 error(s), 2 left on base; Key West 19 - Santa Fe 13
TOP OF THE 9TH
Key West Barracudas batting - Pitching for Santa Fe Diablos : LHP Daniel Draper
Batting: LHB Motoki Hirata 0-0: Ball
1-0: Foul Ball, location: 2F
1-1: Swinging Strike
1-2: Ball
2-2: Strikes out swinging
Batting: SHB Rodney Birling 0-0: Foul Ball, location: 2F
0-1: Ball
1-1: Called Strike
1-2: Strikes out swinging
Batting: RHB Chris Adams 0-0: Foul Ball, location: 2F
0-1: Ball
1-1: Ball
2-1: Swinging Strike
2-2: Foul Ball, location: 2F
2-2: Ball
3-2: Foul Ball, location: 2F
3-2: Fly out, F9 (Flyball, 89M)
Top of the 9th over - 0 run(s), 0 hit(s), 0 error(s), 0 left on base; Key West 19 - Santa Fe 13
BOTTOM OF THE 9TH
Santa Fe Diablos batting - Pitching for Key West Barracudas : RHP Ed Calhoun
Batting: LHB Roberto Lozano 0-0: Ball
1-0: Fly out, F8 (Flyball, 8RM)
Batting: RHB Lee Price 0-0: Foul Ball, location: 2F
0-1: Ball
1-1: Called Strike
1-2: Foul Ball, location: 2F
1-2: Foul Ball, location: 2F
1-2: Ball
2-2: Ball
3-2: Strikes out swinging
Batting: SHB Tex White 0-0: Ball
1-0: Ball
2-0: Called Strike
2-1: DOUBLE (Flyball, 8LXD)
Batting: LHB Gary Kern 0-0: Fly out, F9 (Flyball, 9D)
Bottom of the 9th over - 0 run(s), 1 hit(s), 0 error(s), 1 left on base; Key West 19 - Santa Fe 13
Thursday, March 30th, 2017 - OOTP Baseball 17.12 Build 75